AoeStats
← knot5

Pilgrims

507074845Analyzed
4v4 RM · 17d ago on Sep 16, 2026· 68m 18s· 8 players
Game mode
Random Map
Map size
Large (8 player)
Population
200
Speed
Normal
Resources
Standard
Victory
Conquest
Starting age
Dark Age
Ending age
Imperial Age
RankedLock teamsTeams togetherTeam positionsShared explorationLock speedFull tech treeHidden civsTurbo modeCheats
Victory
Defeat
🇹🇷 Huns · Türkiye
1028
+13
🇲🇾 Gurjaras · Malaysia
999
+14
🇨🇳 Berbers · China
879
+19
🇮🇹 Malay · Italy
862
+19
🇷🇺 Berbers · Russia
1020
-19
🇬🇧 Persians · United Kingdom
950
-16
🇪🇸 Shu · Spain
949
-16
881
-14
Doofus
12:14 Feudal Age
13:05 Double-Bit Axe
16:40 Castle Age
14:36 Fishing Lines
17:21 Bow Saw
16:56 Horse Collar
18:11 Wheelbarrow
17:23 Loom
18:54 Fervor
18:49 Town Watch
19:53 Heavy Plow
21:52 Fletching
22:47 Gillnets
23:23 Hand Cart
23:37 Gold Mining
23:43 Crossbowman
24:48 Ballistics
25:29 Kamandaran
25:57 Squires
25:56 Bodkin Arrow
26:59 Thumb Ring
31:30 Imperial Age
29:02 Murder Holes
29:13 Padded Archer Armor
31:52 Husbandry
32:02 Bloodlines
31:26 Elite War Elephant
32:29 Conscription
33:16 Two-Man Saw
33:11 Crop Rotation
33:36 Forging
33:32 Scale Barding Armor
33:56 Citadels
34:43 Gold Shaft Mining
34:00 Stone Mining
35:27 Chemistry
35:49 Iron Casting
35:35 Chain Barding Armor
35:28 Town Patrol
36:34 Coinage
38:11 Blast Furnace
37:27 Leather Archer Armor
37:20 Caravan
38:38 Hoardings
38:41 Banking
38:21 Guilds
40:08 Plate Barding Armor
40:33 Devotion
41:43 Pikeman
42:43 Halberdier
45:02 Ring Archer Armor
44:33 Scale Mail Armor
49:59 Chain Mail Armor
55:51 Plate Mail Armor
55:39 Heavy Camel Rider
57:47 Light Cavalry
ПашаВеслоАгАним
8:42 Loom
12:07 Feudal Age
36:16 Castle Age
39:23 Double-Bit Axe
50:28 Pikeman
51:11 Squires
53:26 Bow Saw
60:18 Imperial Age
59:48 Ballistics
62:06 Chemistry
61:14 Siege Engineers
[BF] Mister Leo
5:01 Loom
13:03 Feudal Age
13:31 Double-Bit Axe
13:28 Horse Collar
19:34 Gold Mining
22:06 Castle Age
20:33 Scale Barding Armor
20:39 Forging
20:21 Fletching
23:13 Light Cavalry
23:54 Husbandry
24:32 Chain Barding Armor
25:08 Gold Shaft Mining
25:14 Wheelbarrow
24:25 Town Watch
25:01 Medium Warships
26:41 Hand Cart
27:51 Bow Saw
28:30 Town Patrol
40:47 Heavy Plow
41:23 Pikeman
47:27 Imperial Age
47:56 Squires
47:42 Arson
48:21 Halberdier
49:06 Scale Mail Armor
49:43 Plate Barding Armor
50:03 Ballistics
49:35 Heated Shot
54:52 Chain Mail Armor
knot5
11:28 Loom
14:30 Feudal Age
15:39 Double-Bit Axe
15:37 Fishing Lines
17:29 Wheelbarrow
18:02 Horse Collar
19:22 Gold Mining
23:34 Castle Age
23:09 Stone Mining
24:11 Gillnets
26:23 Hand Cart
29:46 Husbandry
29:57 Bloodlines
29:51 Kasbah
32:07 Stone Shaft Mining
31:01 Light Cavalry
39:28 Imperial Age
38:58 Scale Barding Armor
39:04 Forging
41:08 Elite Camel Archer
42:26 Hoardings
41:54 Maghrebi Camels
42:17 Conscription
44:28 Chain Barding Armor
44:45 Iron Casting
46:26 Man-at-Arms
46:31 Pikeman
47:13 Squires
48:43 Plate Barding Armor
49:09 Blast Furnace
49:22 Cavalier
49:23 Heavy Camel Rider
49:59 Town Watch
50:58 Gold Shaft Mining
49:53 Hussar
alexgiaco98
4:57 Loom
13:39 Feudal Age
15:45 Double-Bit Axe
15:43 Horse Collar
18:49 Stone Mining
18:52 Gold Mining
25:39 Castle Age
25:37 Bow Saw
25:29 Heavy Plow
26:49 Gold Shaft Mining
26:51 Stone Shaft Mining
26:44 Husbandry
38:59 Imperial Age
39:37 Chemistry
39:09 Crop Rotation
38:34 Elite Battle Elephant
39:45 Conscription
48:16 Heavy Scorpion
mikesandwash
13:24 Feudal Age
13:52 Loom
14:51 Man-at-Arms
17:18 Fletching
20:03 Castle Age
17:52 Fishing Lines
20:22 Forging
20:02 Double-Bit Axe
24:13 Bow Saw
26:29 Wheelbarrow
25:42 Town Watch
25:50 Gold Mining
28:30 Gold Shaft Mining
27:46 Stone Mining
27:40 Horse Collar
32:51 Imperial Age
31:09 Hand Cart
30:54 Town Patrol
31:54 Elite Skirmisher
32:40 Thumb Ring
32:49 Padded Archer Armor
32:55 Scale Barding Armor
33:26 Iron Casting
32:46 Bodkin Arrow
33:11 Gillnets
35:20 Bloodlines
35:11 Husbandry
35:49 Caravan
39:44 Chemistry
39:05 Ballistics
40:12 Leather Archer Armor
39:57 Bracer
40:18 Chain Barding Armor
40:25 Heavy Camel Rider
41:15 Kshatriyas
47:30 Onager
55:41 Siege Elephant
66:08 Medium Warships
67:04 Plate Barding Armor
66:31 Scale Mail Armor
67:20 Heavy Warships
berker06ankara
10:45 Feudal Age
12:55 Double-Bit Axe
15:04 Wheelbarrow
17:31 Horse Collar
26:07 Castle Age
24:06 Gold Mining
24:22 Town Watch
24:23 Loom
26:07 Scale Barding Armor
26:12 Forging
27:26 Gold Shaft Mining
27:08 Hand Cart
27:05 Bow Saw
26:58 Heavy Plow
28:17 Bloodlines
30:12 Husbandry
31:06 Iron Casting
31:43 Padded Archer Armor
31:34 Fletching
31:45 Scale Mail Armor
38:16 Town Patrol
42:09 Imperial Age
40:19 Chain Barding Armor
40:15 Chain Mail Armor
42:14 Cavalier
43:30 Plate Barding Armor
45:00 Blast Furnace
44:19 Stone Mining
45:03 Light Cavalry
46:01 Hussar
46:04 Paladin
47:01 Leather Archer Armor
46:42 Bodkin Arrow
47:49 Hussar
56:42 Capped Ram
65:30 Two-Man Saw
67:45 Guilds
67:39 Bracer
大哈巴犬
5:19 Loom
5:22 Loom
7:22 Loom
8:10 Loom
8:56 Loom
12:13 Feudal Age
18:13 Castle Age
16:33 Double-Bit Axe
17:28 Horse Collar
24:32 Bow Saw
24:23 Heavy Plow
24:30 Husbandry
24:41 Bloodlines
30:10 Fletching
30:28 Thumb Ring
32:17 Ballistics
37:19 Murder Holes
39:43 Wheelbarrow
42:47 Imperial Age
44:20 Conscription
43:21 Elite Camel Archer
43:59 Bodkin Arrow
44:05 Padded Archer Armor
46:54 Hoardings
46:21 Kasbah
49:15 Bracer
49:31 Leather Archer Armor
50:32 Maghrebi Camels
54:34 Ring Archer Armor
58:54 Chemistry
Connection lost

Rejoining the realm…

Still unreachable

The connection could not be restored.

Session expired

The server has moved on; the page needs a fresh start.